Map: Eastwatch LE

Players

Greydi - Winner!

  • Race: Zerg Zerg
  • League: Platinum
  • Spawn Location: 7:00

CinDra

  • Race: Zerg Zerg
  • League: Gold
  • Spawn Location: 1:00

VOD

Have the link to the VOD?

Description

Time

  • Played on: March 14, 2018, 3:29 p.m.
  • Length: 7:34
Show
View Real Time Build Order
Export as new Build Order

Greydi Zerg - Winner!

Build Orders: Hatch First 

Get SALT Encoding   

  12  0:06  Drone  
  13  0:09  Drone  
  14  0:22  Overlord  
  14  0:50  Hatchery  
  14  0:56  Drone x2  
  16  0:57  Drone  
  16  1:08  Extractor  
  15  1:12  Spawning Pool  
  15  1:15  Drone  
  15  1:20  Drone  
  16  1:31  Drone  
  17  1:41  Drone  
  18  1:52  Drone  
  19  2:05  Zergling x4  
  19  2:06  Queen x2  
  25  2:11  Metabolic Boost  
  25  2:13  Zergling x2  
  25  2:14  Zergling x2  
  27  2:23  Zergling x2  
  28  2:32  Baneling Nest  
  27  2:38  Evolution Chamber  
  27  2:44  Drone x2  
  28  2:51  Roach Warren  
  27  2:52  Zergling x2  
  28  3:12  Overlord x3  
  26  3:32  Zergling x2  
  26  3:33  Zergling x8  
  28  3:52  Zergling x4  
  28  3:53  Drone  
  28  3:54  Drone x3  
  33  4:02  Lair  
  33  4:06  Baneling x2  
  33  4:07  Baneling  
  33  4:10  Drone  
  34  4:22  Extractor  
  28  4:48  Zergling x2  
  28  4:49  Zergling x20  
  37  4:56  Extractor, Drone x3  
  39  5:06  Zergling x6  
  39  5:07  Zergling x2  
  42  5:19  Zergling x4  
  44  5:22  Baneling x3  
  44  5:25  Zergling x2  
  44  5:26  Zergling x2  
  46  5:29  Drone x2  
  48  5:40  Roach  
  48  5:42  Overlord x3  
  40  6:08  Zergling x2  
  40  6:09  Zergling x18  
  46  6:16  Baneling  
  46  6:17  Baneling x3  
  46  6:21  Roach  
  46  6:22  Roach x2  
  52  6:28  Drone  
  52  6:29  Drone  
  54  6:38  Roach  
  54  6:39  Roach  
  58  6:51  Roach x2  
  62  7:01  Baneling x2  
  62  7:05  Roach  
  62  7:06  Roach x5  
Show
View Real Time Build Order
Export as new Build Order

CinDra Zerg 

Build Orders: Hatch First 

Get SALT Encoding   

  12  0:01  Drone  
  13  0:12  Overlord  
  13  0:16  Drone  
  14  0:31  Drone x2  
  14  0:35  Drone  
  17  0:54  Hatchery  
  17  0:56  Drone  
  17  0:59  Drone  
  18  1:09  Extractor  
  17  1:16  Spawning Pool  
  16  1:18  Drone  
  16  1:22  Drone  
  18  1:29  Drone  
  19  1:39  Overlord  
  19  1:50  Drone  
  20  2:03  Queen  
  20  2:04  Zergling x2  
  20  2:07  Queen  
  20  2:08  Zergling x2  
  26  2:12  Metabolic Boost  
  26  2:14  Zergling x2  
  27  2:20  Drone  
  27  2:22  Drone  
  29  2:38  Drone x2  
  31  2:46  Queen  
  33  2:52  Zergling x6  
  35  2:59  Overlord  
  35  3:22  Drone  
  35  3:23  Drone x4  
  39  3:31  Zergling x12  
  42  3:49  Zergling x4  
  42  3:52  Overlord x3  
  43  4:14  Zergling x8  
  41  4:27  Zergling x8  
  41  4:28  Zergling x6  
  39  5:00  Zergling x12  
  45  5:14  Zergling x4  
  47  5:26  Zergling x4  
  49  5:37  Roach Warren  
  49  5:39  Zergling x12  
  41  5:58  Zergling x8  
  37  6:05  Zergling x4  
  37  6:06  Zergling x2  
  40  6:17  Zergling x10  
  44  6:21  Queen  
  44  6:25  Roach x2  
  50  6:38  Zergling x4  
  52  6:43  Zergling x2  
  53  6:48  Roach  
  55  6:55  Roach x3  
  55  6:56  Overlord  
  43  7:23  Hatchery  
Tags
 
Add a new tag
Caveats
  • Supply blocks, unpowered buildings, or Contaminate may cause inaccurate times.
  • Supply counts are checked every 10 seconds.